[Event "Grand Prix Romania 1st Stage 2024"]
[Site "Bucuresti"]
[Date "2024.03.23"]
[Round "1.25"]
[White "Castellanos Rodriguez, Renier"]
[Black "Koteles, Gabriel-Dorian"]
[Result "1-0"]
[ECO "B50"]
[WhiteElo "2469"]
[BlackElo "1640"]
[Annotator "TA"]
[PlyCount "73"]
[EventDate "2024.03.20"]
[EventCountry "ROU"]
[SourceTitle "playchess.com"]
[Source "ChessBase"]
[SourceQuality "1"]
[TimeControl "900+5"]

1. e4 c5 2. Nf3 d6 3. c3 Nf6 4. h3 e6 5. Bd3 Be7 6. Bc2 Nbd7 7. d4 cxd4 8. cxd4 {[%emt 0:00:02] The position is equal.} b5 9. O-O Bb7 10. Re1 O-O 11. Nbd2 e5 ({Better is} 11... b4 $11) 12. d5 a5 13. Bd3 Ba6 14. a4 Qb6 15. axb5 Bxb5 16. Nc4 Bxc4 17. Bxc4 Nc5 18. Nd2 Qb4 19. b3 Nfd7 20. Ba3 Qb6 21. Rb1 Qc7 (21... f5 $11) 22. Bb5 $16 {[%emt 0:00:19] Black is now going downhill.} Rab8 23. Bxd7 Qxd7 (23... Nxd7 $16 {is a better defense.} 24. Rc1 Qd8) 24. Bxc5 $18 dxc5 25. Nc4 Qc7 $2 {[%emt 0:01:04] [#]} (25... Bd6 {might work better.} 26. Ra1 (26. Nxa5 f5 $18) 26... f5 27. Rxa5 f4) 26. d6 {[%emt 0:00:03] Black is weak on the light squares} Bxd6 27. Qxd6 ({Weaker is} 27. Nxd6 Rfd8 $15) 27... Qxd6 28. Nxd6 Rfd8 29. Nc4 Rd3 30. Nxa5 ({Don't take} 30. Nxe5 Rdxb3 31. Rxb3 Rxb3) 30... Rb5 31. Ra1 {[%emt 0:00:12] White is clearly winning.} Rd6 (31... f6 $142 32. Re3 Rxe3) 32. Nc4 Rd8 {[%emt 0:00:13] Prevents Ra8.} 33. Re3 h6 34. Nxe5 Rdb8 35. Rc1 f6 36. Nd7 Rc8 37. Rec3 {[%emt 0:00:03] Weighted Error Value: White=0.28 (precise) /Black=0.33.  Mistake:       	---       	Black=5      Inaccurate:     	White=2     	Black=1      OK:         	White=7     	Black=11     Best:        	White=4     	---} 1-0

[Event "Grand Prix Romania 1st Stage 2024"]
[Site "Bucuresti"]
[Date "2024.03.23"]
[Round "1.26"]
[White "Beldiman, Tudor"]
[Black "Rozen, Eytan"]
[Result "0-1"]
[ECO "D03"]
[WhiteElo "1679"]
[BlackElo "2487"]
[Annotator "TA"]
[PlyCount "54"]
[EventDate "2024.03.20"]
[EventCountry "ROU"]
[SourceTitle "playchess.com"]
[Source "ChessBase"]
[SourceQuality "1"]
[TimeControl "900+5"]

1. d4 Nf6 2. Nf3 e6 3. Bg5 c5 4. e3 Nc6 5. c3 d5 6. Nbd2 h6 7. Bh4 Bd7 8. Bd3 Bd6 9. O-O cxd4 {[%emt 0:00:28] White is slightly better.} 10. exd4 a6 11. Re1 Qc7 12. Bg3 Bxg3 13. hxg3 h5 14. c4 Nb4 15. Bf1 dxc4 16. Nxc4 Bc6 17. Nfe5 Rd8 18. a3 Nbd5 19. Rc1 O-O 20. Nxc6 Qxc6 21. Ne5 Qb6 22. Nc4 Qa7 23. Be2 Ne7 24. Bxh5 Nf5 25. Bf3 Rxd4 26. Qb3 {[%emt 0:00:08] [#]} Nxg3 $1 {[%emt 0:00:09] ( -> ...Rh4)} 27. Qxb7 $2 {[%emt 0:00:13][%mdl 8192] [#]} (27. Qb6 $11 Qxb6 28. Nxb6) (27. Bxb7 Nf5) 27... Rh4 $1 {[%emt 0:00:04] Weighted Error Value: White=0.41/Black=0.10 (very precise) .  Loses game:     	White=1     	---        Inaccurate:     	White=2     	Black=1      OK:         	White=6     	Black=7      Strong:       	---       	Black=1} 0-1

[Event "Grand Prix Romania 1st Stage 2024"]
[Site "Bucuresti"]
[Date "2024.03.23"]
[Round "1.27"]
[White "Istratescu, Andrei"]
[Black "Marius, Andra-Beatrice"]
[Result "1-0"]
[ECO "C05"]
[WhiteElo "2374"]
[BlackElo "1660"]
[Annotator "RC"]
[PlyCount "45"]
[EventDate "2024.03.20"]
[EventCountry "ROU"]
[SourceTitle "playchess.com"]
[Source "ChessBase"]
[SourceQuality "1"]
[TimeControl "900+5"]

1. e4 e6 2. d4 d5 3. Nd2 Nf6 4. e5 Nfd7 5. f4 c5 6. c3 Nc6 7. Ndf3 a6 8. Be3 b5 9. Bd3 Qb6 10. Ne2 b4 11. O-O Be7 12. Kh1 a5 13. c4 cxd4 14. Nexd4 Bc5 15. Be2 Ba6 16. Rc1 Rd8 17. cxd5 Bxe2 18. Nxe2 Bxe3 19. Rxc6 Qb7 20. Qd3 exd5 21. Rd6 Bb6 22. e6 Nc5 23. Qb5+ 1-0

[Event "Grand Prix Romania 1st Stage 2024"]
[Site "Bucuresti"]
[Date "2024.03.23"]
[Round "1.28"]
[White "Matei-Catruna, Andrei"]
[Black "Tilicheev, Viacheslav"]
[Result "0-1"]
[ECO "E05"]
[WhiteElo "1688"]
[BlackElo "2485"]
[Annotator "TA"]
[PlyCount "66"]
[EventDate "2024.03.20"]
[EventCountry "ROU"]
[SourceTitle "playchess.com"]
[Source "ChessBase"]
[SourceQuality "1"]
[TimeControl "900+5"]

1. Nf3 d5 2. d4 Nf6 3. c4 e6 4. g3 Be7 5. Bg2 O-O 6. O-O dxc4 7. Qc2 b5 8. Ng5 (8. a4 $11) 8... c6 $15 9. a4 h6 ({Of course not} 9... Qxd4 10. axb5 h6 11. Be3 $11 (11. Bxc6 Nxc6 12. Nf3 Qd7 $15)) 10. Nh3 (10. Ne4 $15) 10... Nd5 ({Don't take} 10... Qxd4 11. axb5 Bb7 12. Be3 $11) 11. axb5 cxb5 12. Nf4 Nc6 13. Nxd5 exd5 14. e3 (14. Nc3 $17) 14... Be6 15. Bd2 (15. Nc3 $17) 15... a5 $19 16. b3 Rc8 17. bxc4 dxc4 18. Bxc6 $2 {[%emt 0:00:23] [#]} (18. Nc3 {was worth a try.}) 18... Rxc6 19. Bxa5 Qd7 20. Nd2 b4 21. Rfb1 Ra8 22. Qc1 {[%emt 0:00:58] White is weak on the light squares} (22. Bxb4 $142 Rxa1 23. Rxa1 Bxb4 24. Nf3) 22... Rca6 23. Bxb4 Rxa1 24. Rxa1 Rxa1 25. Qxa1 Bxb4 26. Qa8+ Kh7 27. Qe4+ Bf5 {[%emt 0:00:05] Black mates.} 28. Qe5 Bxd2 29. e4 f6 30. Qxf5+ Qxf5 31. exf5 c3 32. Kf1 c2 33. Ke2 c1=Q {[%emt 0:00:04] White got outplayed after the opening.   Weighted Error Value: White=0.68/Black=0.08 (flawless) .  Mistake:       	White=5     	---        Inaccurate:     	White=1     	Black=2      OK:         	White=5     	Black=6      Best:        	---       	Black=1} 0-1

[Event "Grand Prix Romania 1st Stage 2024"]
[Site "Bucuresti"]
[Date "2024.03.23"]
[Round "1.29"]
[White "Costachi, Mihnea"]
[Black "Stoica, Vlad V."]
[Result "1-0"]
[ECO "C30"]
[WhiteElo "2470"]
[BlackElo "1436"]
[Annotator "TA"]
[PlyCount "47"]
[EventDate "2024.03.20"]
[EventCountry "ROU"]
[SourceTitle "playchess.com"]
[Source "ChessBase"]
[SourceQuality "1"]
[TimeControl "900+5"]

1. Nc3 Nf6 2. e4 e5 3. Bc4 Bc5 4. d3 d6 5. f4 O-O 6. Nf3 Nc6 7. Na4 Re8 8. Nxc5 {[%emt 0:00:15][%cal Of3g5] Ng5! would now be deadly.} dxc5 9. fxe5 Nxe5 {[%emt 0:00:05] White is slightly better.} 10. Nxe5 Rxe5 11. O-O Bg4 12. Qe1 {[%emt 0:00:25] Qg3 is the strong threat.} h6 $2 {[%emt 0:02:03] [#]} (12... Be6 $16 {was necessary.}) 13. Qg3 $1 $18 Qe7 14. Bf4 Rh5 15. e5 (15. Bxc7 Rg5 $16) 15... Nh7 (15... Be6 $142 16. exf6 Qxf6) 16. Qxg4 Rh4 {[%emt 0:00:17] [#]} 17. Bxf7+ $1 Kh8 (17... Qxf7 18. Qxh4) 18. Qg3 g5 19. Bd2 Nf8 {[%emt 0:01:27] [#]} 20. e6 $1 {[%emt 0:00:06] Threatening mate with Qe5+.} c4 (20... Qd6 21. Rae1) 21. Qe5+ {[%emt 0:00:03] White mates.} Kh7 22. Qf5+ Kh8 23. Bc3+ Qf6 24. Bxf6# {[%emt 0:00:03] Black did not feel at home in the position after the opening.   Weighted Error Value: White=0.01 (flawless) /Black=1.11.  Loses game:     	---       	Black=1      Mistake:       	---       	Black=1      Inaccurate:     	---       	Black=1      OK:         	White=3     	Black=1      Best:        	White=2     	---        Strong:       	White=1     	---} 1-0

[Event "Grand Prix Romania 1st Stage 2024"]
[Site "Bucuresti"]
[Date "2024.03.23"]
[Round "1.30"]
[White "Butuza, Stefan Aurelian"]
[Black "Sofronie, Iulian"]
[Result "0-1"]
[ECO "C47"]
[WhiteElo "1712"]
[BlackElo "2395"]
[Annotator "TA"]
[PlyCount "108"]
[EventDate "2024.03.20"]
[EventCountry "ROU"]
[SourceTitle "playchess.com"]
[Source "ChessBase"]
[SourceQuality "1"]
[TimeControl "900+5"]

1. e4 e5 2. Nf3 Nc6 3. Nc3 Nf6 4. d4 exd4 5. Nxd4 Bb4 6. Nxc6 bxc6 7. Bd3 O-O 8. O-O d5 9. exd5 cxd5 10. h3 c6 11. Qf3 Bd6 12. Bf4 {[%emt 0:00:05] The position is equal.} Rb8 13. b3 Rb4 14. Bxd6 Qxd6 15. Qg3 Qxg3 16. fxg3 Be6 17. a3 Rbb8 18. b4 Nd7 19. Na4 Rfc8 20. Rfb1 Kf8 21. Kf2 Ke7 22. Ke3 Kd6 23. Kd4 (23. g4 {simplifies} Rh8 24. Kf2 h5 25. gxh5 Rxh5 26. Nc5) 23... g6 24. Nc5 Re8 25. Re1 Nf8 26. g4 (26. c4 $5) 26... Bd7 ({Better is} 26... a5 $11) 27. Rf1 $14 Ne6+ 28. Nxe6 (28. Kc3 $1 $14) 28... fxe6 $15 29. Rae1 (29. Rf7 $11 {keeps the balance.}) 29... e5+ $17 30. Ke3 Be6 31. c3 {[%emt 0:00:00] [#]} a5 $1 32. Rb1 (32. Bc2 Ra8) 32... axb4 33. axb4 Ra8 {[%emt 0:00:07] Prevents Ba6.} 34. Ra1 {[%emt 0:00:02] Prevents Ra2} c5 35. bxc5+ Kxc5 36. Rfb1 d4+ ({Black should try} 36... Bd7 $15) 37. cxd4+ $11 exd4+ 38. Kd2 Bd5 39. Rb5+ Kd6 40. Raa5 Rxa5 41. Rxa5 Bxg2 $15 {[%emt 0:00:02][%cal Oe8a8][%mdl 4096] Endgame. KRB-KRB} 42. Ra6+ Ke5 {[%emt 0:00:32][%cal Oe8a8] And now ...Ra8! would win.} 43. Ra7 Bxh3 44. Rxh7 Bxg4 {[%emt 0:00:01] Threatens to win with ...Bf5.} 45. Bxg6 Rb8 46. Bc2 Rb2 47. Re7+ Kd6 48. Rf7 Be6 49. Rf4 Ke5 50. Rf3 Bd5 51. Rh3 {[%emt 0:00:00][%mdl 8192] [#] Now White is beyond hope.} (51. Rf5+ $11 Kd6 52. Kd3) 51... Be4 $1 {[%emt 0:00:03] Black mates.} 52. Rh5+ Kd6 53. Rh6+ Kc5 54. Rh5+ Kc4 {[%emt 0:00:02] Weighted Error Value: White=0.23 (precise) /Black=0.09 (flawless) .  Loses game:     	White=1     	---        Mistake:       	White=2     	Black=2      Inaccurate:     	White=1     	Black=1      OK:         	White=16    	Black=14     Best:        	White=1     	---        Strong:       	---       	Black=1} 0-1

[Event "Grand Prix Romania 1st Stage 2024"]
[Site "Bucuresti"]
[Date "2024.03.23"]
[Round "1.31"]
[White "Stoyanov, Tsvetan"]
[Black "Olteanu, Gabriel-Luca"]
[Result "1-0"]
[ECO "C45"]
[WhiteElo "2465"]
[BlackElo "1711"]
[Annotator "TA"]
[PlyCount "43"]
[EventDate "2024.03.20"]
[EventCountry "ROU"]
[SourceTitle "playchess.com"]
[Source "ChessBase"]
[SourceQuality "1"]
[TimeControl "900+5"]

1. e4 e5 2. Nf3 Nc6 3. d4 exd4 4. Nxd4 Bc5 5. Nxc6 Qf6 6. Qf3 dxc6 7. Nc3 Be6 8. Qg3 (8. Be3 {simplifies} Qxf3 9. gxf3 Bxe3 10. fxe3 O-O-O 11. Bd3) 8... O-O-O 9. Bd3 {[%emt 0:00:02] Hoping for e5. The position is equal.} Bd4 10. Bd2 $40 {[%emt 0:00:48][%mdl 128] White has some attack.} c5 (10... h5 $11 {keeps the balance.}) 11. Nb5 $1 $16 Rd7 12. Nxd4 cxd4 13. e5 Qd8 14. Qxg7 Ne7 {[%emt 0:00:06][%cal Bg8e7,Be7d5,Bd5b6][%mdl 32] Black is weak on the dark squares} 15. Qf6 {[%emt 0:00:04] White is much more active.} Qe8 (15... h5 $16) 16. a3 ({White should play} 16. O-O $18) 16... Nd5 17. Qh4 Qg8 18. Rg1 h5 (18... c5 $16 {was worth a try.}) 19. Qxd4 $18 Nb6 20. Qf4 c5 21. O-O-O Qd8 22. Bf5 {[%emt 0:00:45] Weighted Error Value: White=0.16 (very precise) /Black=0.35.  Mistake:       	White=1     	Black=3      Inaccurate:     	White=1     	Black=2      OK:         	White=5     	Black=5      Best:        	White=2     	Black=1} 1-0

[Event "Grand Prix Romania 1st Stage 2024"]
[Site "Bucuresti"]
[Date "2024.03.23"]
[Round "1.32"]
[White "Pandelescu, Maria-Catalina"]
[Black "Bulmaga, Irina"]
[Result "0-1"]
[ECO "C27"]
[WhiteElo "1701"]
[BlackElo "2429"]
[Annotator "RC"]
[PlyCount "74"]
[EventDate "2024.03.20"]
[EventCountry "ROU"]
[SourceTitle "playchess.com"]
[Source "ChessBase"]
[SourceQuality "1"]
[TimeControl "900+5"]

1. e4 e5 2. Bc4 Nf6 3. Nc3 Bc5 4. Nge2 c6 5. d4 exd4 6. Nxd4 O-O 7. O-O d5 8. exd5 cxd5 9. Bb3 Nc6 10. Be3 Bb6 11. h3 Ne5 12. Bg5 Be6 13. Re1 Bc7 14. Bxf6 Qxf6 15. Bxd5 Rad8 16. Ne4 Qg6 17. Bxe6 Rxd4 18. Bxf7+ Rxf7 19. Qe2 Nf3+ 20. Kh1 Nxe1 21. Rxe1 Rxe4 22. Qxe4 Qxe4 23. Rxe4 Rxf2 24. Kg1 Rxc2 25. Rb4 Bb6+ 26. Kf1 Rf2+ 27. Ke1 Rxg2 28. Rb3 h5 29. a4 h4 30. Kf1 Rg3 31. Rxg3 hxg3 32. Kg2 Bc7 33. b4 Kf7 34. b5 Ke6 35. Kf3 Kd5 36. h4 Kc4 37. h5 Kb4 0-1

[Event "Grand Prix Romania 1st Stage 2024"]
[Site "Bucuresti"]
[Date "2024.03.23"]
[Round "1.33"]
[White "Stoleriu, George"]
[Black "Zlate-Ion, Matei"]
[Result "1-0"]
[ECO "B23"]
[WhiteElo "2391"]
[BlackElo "1842"]
[Annotator "RC"]
[PlyCount "55"]
[EventDate "2024.03.20"]
[EventCountry "ROU"]
[SourceTitle "playchess.com"]
[Source "ChessBase"]
[SourceQuality "1"]
[TimeControl "900+5"]

1. e4 c5 2. Nc3 Nc6 3. Bb5 Nd4 4. Bc4 e6 5. Nge2 a6 6. d3 Ne7 7. Nxd4 cxd4 8. Ne2 Nc6 9. O-O g6 10. f4 Bg7 11. a3 O-O 12. Ng3 b5 13. Ba2 Bb7 14. f5 Ne5 15. Bf4 d5 16. Qe2 dxe4 17. fxe6 exd3 18. cxd3 Nc6 19. exf7+ Kh8 20. Ne4 Ne7 21. Nc5 Bd5 22. Bg5 Bxa2 23. Bxe7 Qd5 24. Bxf8 Rxf8 25. b4 Bb3 26. Qe7 Rxf7 27. Qe8+ Bf8 28. Nxb3 1-0

[Event "Grand Prix Romania 1st Stage 2024"]
[Site "Bucuresti"]
[Date "2024.03.23"]
[Round "1.34"]
[White "Charchenko, Dmytro"]
[Black "Vedmediuc, Serghei"]
[Result "0-1"]
[ECO "A42"]
[WhiteElo "1737"]
[BlackElo "2452"]
[Annotator "TA"]
[PlyCount "68"]
[EventDate "2024.03.20"]
[EventCountry "ROU"]
[SourceTitle "playchess.com"]
[Source "ChessBase"]
[SourceQuality "1"]
[TimeControl "900+5"]

1. d4 g6 2. c4 Bg7 3. Nc3 d6 4. e4 Nc6 5. Nf3 Bg4 6. Be3 Bxf3 ({Better is} 6... e5 $11 7. d5 Nd4) 7. gxf3 $14 e5 8. dxe5 Nxe5 {[%emt 0:01:51] White is slightly better.} 9. Be2 Nf6 10. Qd2 O-O 11. Bh6 (11. O-O-O $16) 11... a6 12. Bxg7 Kxg7 13. Nd5 {[%emt 0:01:43] [#]} (13. O-O-O $14) 13... b5 $1 14. cxb5 (14. O-O-O Nxd5) 14... axb5 15. Nxf6 (15. f4 $15 Ned7 (15... Nxe4 16. Qd4 $14) 16. Qc3 (16. Bxb5 Nxe4 17. Qd4+ Ndf6 $15)) 15... Qxf6 $19 ({And not} 15... Kxf6 16. f4 (16. Bxb5 $2 {loses.} Nxf3+ 17. Ke2 Nxd2 $19) 16... Nc4 17. Qc3+ Ke7 18. O-O $16) 16. f4 Nd7 (16... Nc6 $19 {has better winning chances.} 17. O-O Nd4) 17. O-O Nc5 18. f3 {[%emt 0:00:51] [#]} b4 {[%emt 0:01:11] Black is more active.} 19. Bc4 $15 Rab8 20. Rac1 Rb6 21. Rc2 Kg8 22. Qe3 Rfb8 23. Bb3 Re8 24. Qd2 (24. Bc4 $11) 24... Re7 25. Rfc1 Qh4 26. Rc4 Rb8 (26... Nxb3 {simplifies} 27. axb3 c5 28. Kg2 Re8) 27. Rxb4 $2 (27. Rd4 $11 {and White has nothing to worry.}) 27... Rxb4 $19 28. Qxb4 Nd3 29. Qb8+ $2 (29. Qd2 Nxc1 30. Qxc1) 29... Kg7 30. Rf1 {[%emt 0:00:04] Repels Qf2+} Nxf4 {[%emt 0:00:09][%cal Oe7e4] ( -> ...Rxe4!)} 31. Qb4 Qg5+ 32. Kf2 Nd3+ 33. Ke2 {[%emt 0:00:01] White is weak on the dark squares} Nxb4 34. Rf2 d5 {[%emt 0:00:07] Weighted Error Value: White=0.98/Black=0.27 (precise) .  Loses game:     	White=1     	---        Mistake:       	White=5     	Black=2      Inaccurate:     	White=4     	Black=8      OK:         	White=6     	Black=3      Best:        	White=1     	Black=3} 0-1

[Event "Grand Prix Romania 1st Stage 2024"]
[Site "Bucuresti"]
[Date "2024.03.23"]
[Round "1.35"]
[White "Nevednichy, Vladislav"]
[Black "Gazdaru, Rares"]
[Result "1-0"]
[ECO "B10"]
[WhiteElo "2445"]
[BlackElo "1884"]
[Annotator "RC"]
[PlyCount "102"]
[EventDate "2024.03.20"]
[EventCountry "ROU"]
[SourceTitle "playchess.com"]
[Source "ChessBase"]
[SourceQuality "1"]
[TimeControl "900+5"]

1. c4 c6 2. e4 d5 3. cxd5 cxd5 4. exd5 Nf6 5. Nc3 Nxd5 6. Nf3 Nxc3 7. bxc3 g6 8. Bb5+ Bd7 9. a4 Bg7 10. O-O O-O 11. Re1 a6 12. Bf1 Nc6 13. d4 Rc8 14. Bg5 h6 15. Bh4 g5 16. Bg3 Bg4 17. h4 e6 18. hxg5 hxg5 19. Qd3 Qd5 20. Ne5 Bf5 21. Qe3 Nxe5 22. Bxe5 f6 23. c4 Qd7 24. Bg3 Rfd8 25. Red1 Bf8 26. a5 Bd6 27. Bxd6 Qxd6 28. c5 Qc7 29. Ra2 Rd7 30. g3 Rcd8 31. Rdd2 Kg7 32. Bg2 e5 33. d5 e4 34. d6 Qc6 35. g4 Bg6 36. Rdc2 Qd5 37. Rd2 Qc6 38. Qd4 Rc8 39. Rdc2 Qb5 40. Bf1 Qc6 41. Rc3 Rh8 42. Re3 Rh4 43. Rg3 Qc8 44. Bg2 Rd8 45. Rb2 Rxg4 46. Rxg4 Qxg4 47. Rxb7+ Kh6 48. Qxf6 Qd1+ 49. Kh2 Qh5+ 50. Bh3 Qe2 51. Rg7 Qh5 1-0

[Event "Grand Prix Romania 1st Stage 2024"]
[Site "Bucuresti"]
[Date "2024.03.23"]
[Round "1.36"]
[White "Toba, Andreea-Valentina"]
[Black "Stepanencu, Nicodim-Cosmin"]
[Result "0-1"]
[ECO "A07"]
[WhiteElo "1768"]
[BlackElo "2278"]
[Annotator "RC"]
[PlyCount "82"]
[EventDate "2024.03.20"]
[EventCountry "ROU"]
[SourceTitle "playchess.com"]
[Source "ChessBase"]
[SourceQuality "1"]
[TimeControl "900+5"]

1. Nf3 Nf6 2. g3 d5 3. d3 c6 4. Bg2 Bg4 5. Bf4 Qb6 6. Nbd2 Nbd7 7. b3 e6 8. c3 a5 9. Qc2 h6 10. O-O Be7 11. e4 O-O 12. e5 Nh7 13. Be3 c5 14. d4 cxd4 15. Bxd4 Bc5 16. Bxc5 Qxc5 17. Rfe1 Rfc8 18. Rac1 Nhf8 19. Nd4 Qb6 20. Nb1 Bh5 21. Na3 Nc5 22. Bf1 Bg6 23. Qb2 Nfd7 24. Nab5 Ne4 25. f3 Nec5 26. Kg2 Bd3 27. Re3 Bxf1+ 28. Rxf1 a4 29. b4 Na6 30. a3 Rd8 31. Rfe1 Nc7 32. Qe2 Nxb5 33. Qxb5 Qc7 34. Qd3 Rac8 35. Nb5 Qb8 36. Nd6 Nxe5 37. Rxe5 Qxd6 38. Qb5 Qc6 39. Qxc6 Rxc6 40. R5e3 Rdc8 41. Rc1 d4 0-1

[Event "Grand Prix Romania 1st Stage 2024"]
[Site "Bucuresti"]
[Date "2024.03.23"]
[Round "1.37"]
[White "Shuvalova, Polina"]
[Black "Tatar, Marius Lucian"]
[Result "1-0"]
[ECO "C49"]
[WhiteElo "2455"]
[BlackElo "1788"]
[Annotator "TA"]
[PlyCount "89"]
[EventDate "2024.03.20"]
[EventCountry "ROU"]
[SourceTitle "playchess.com"]
[Source "ChessBase"]
[SourceQuality "1"]
[TimeControl "900+5"]

1. e4 e5 2. Nf3 Nc6 3. Nc3 Nf6 4. Bb5 Bb4 5. O-O O-O 6. d3 d6 7. Ne2 Ne7 8. c3 Ba5 9. Ng3 Ng6 10. Re1 c6 11. Ba4 Bb6 12. h3 {[%emt 0:00:10] White has an edge.} h6 13. d4 Be6 14. Bc2 Qc7 15. Be3 Rfe8 16. Qd2 Rad8 17. Qc1 a6 18. Nf5 d5 {[%emt 0:03:42] [#]} (18... Bxf5 $14 19. exf5 e4) 19. Nxg7 $1 Kxg7 $16 20. Bxh6+ Kg8 21. Bg5 (21. Nxe5 $16 {Strongly threatening Qg5.} dxe4 22. Bxe4 Nxe4 (22... Nxe5 23. Qg5+ Ng6 24. Qxf6) 23. Rxe4) 21... Kg7 {[%emt 0:01:44] [#]} (21... Nxe4 $11 {keeps the balance.} 22. Bxe4 dxe4) 22. Nxe5 ({White should try} 22. exd5 $1 $16 Rxd5 23. Bh6+ (23. Bxf6+ Kxf6 24. Be4 Rdd8 $17) 23... Kh8 24. Bxg6 fxg6 25. Qg5) 22... Nxe5 $14 23. Qf4 (23. Bh6+ $14 Kh8 24. Bf4 (24. dxe5 Nxe4 25. Bxe4 dxe4 $16) (24. Qg5 $2 Nf3+ 25. gxf3 Rg8 $19)) 23... Ned7 $2 (23... Nh5 $11 {and Black stays safe.} 24. Qxe5+ Qxe5 25. dxe5 dxe4 26. Bxd8 Rxd8) 24. e5 $18 Ng8 25. Qh4 Ra8 (25... Nf8 26. Bf6+ Nxf6 27. exf6+ Kg8 28. Qh6) 26. b4 (26. Re3 $142 {White wants to mate with Rg3.} Nxe5 (26... Nf8 27. Bf6+ Nxf6 28. exf6+ Kg8 29. Qh6) 27. Rxe5) 26... a5 (26... Nf8 27. Bf6+ Nxf6 28. exf6+ Kg8 29. Qh6) (26... f5 $142) 27. a3 $2 (27. Re3 $18 {Threatening mate with Rg3.} Nxe5 (27... Nf8 28. Bf6+ Nxf6 29. exf6+ Kg8 30. Qh6) 28. Rxe5) 27... axb4 $16 {[%emt 0:00:03] [#]} (27... Nf8 28. Bf6+ Nxf6 29. exf6+ Kg8 30. Qh6 (30. Qg5+ Ng6 31. Qh6 Qh2+ 32. Kxh2 Bc7+ 33. Kh1 axb4 34. Qg7#) (30. Qg5+ Ng6 31. Qh6 Qh2+ 32. Kxh2 Bc7+ 33. Kh1 axb4 34. Qg7#)) 28. axb4 $40 {[%emt 0:00:00][%mdl 128] White attacks.} ({White should play} 28. Re3 $1 $16 {[%cal Re3g3] Rg3 would kill now.} Nxe5 (28... Rxa3 29. Rg3 Rxa1+ 30. Kh2) 29. Rxe5) 28... Rxa1 $1 $11 29. Rxa1 {[%emt 0:00:02] Hoping for Qh7+.} Kf8 $2 (29... f6 $11 {and Black has nothing to worry.} 30. Qh7+ Kf8 31. Bh6+ Nxh6 32. Qxh6+ Ke7 33. Qg7+ Kd8 34. Ra8+ Nb8 35. Qxf6+ Kc8) 30. f4 $2 ({Better is} 30. Qh8 $18 {aiming for Bh7.} f6 31. exf6 (31. Bxf6 $2 Ndxf6 32. exf6 Qf7 $19) 31... Ndxf6 32. Bxf6) 30... Rb8 $2 {[%emt 0:00:02][%mdl 8192] White now steadily converts the win.} (30... Nxe5 $1 $17 {stays on course. Threatens to win with ...Ng6.} 31. fxe5 Qxe5) 31. Kh1 (31. Qh8 $142 f5 (31... Re8 $2 32. Bh7 $18) 32. exf6 Ndxf6 33. Bxf6) 31... Qc8 $2 (31... f6 32. exf6 Ndxf6) 32. f5 Ra8 33. Rf1 Bxf5 34. Rxf5 Ra2 35. Bd3 Ra1+ 36. Kh2 {[%emt 0:00:02] Qh8 is the strong threat.} Bc7 37. Qh7 (37. Rxf7+ $142 Kxf7 38. Qh7+ Kf8 39. Bh6+ (39. Qf5+ Ngf6 $18) 39... Nxh6 40. Qxh6+ Ke7 41. Qg7+ Kd8 42. Qg5+ Ke8 43. Bg6+ Kf8 44. Qf4+ (44. Qh6+ Ke7 45. Qh7+ Kd8 46. Qg8+ Nf8 47. Qxf8+ Kd7 48. Bf5#) 44... Kg7 45. Qf7+ Kh6 46. Qh7+ Kg5 47. Qh5+ Kf4 48. Qh6#) 37... Nxe5 38. dxe5 Bxe5+ 39. Rxe5 {[%emt 0:00:03] White mates.} Qc7 40. Bh6+ Nxh6 41. Qxh6+ Kg8 42. Bh7+ Kh8 43. Bg6+ Kg8 44. Qh7+ Kf8 45. Qh8# {[%emt 0:00:01] Weighted Error Value: White=0.73/Black=1.10.  Loses game:     	---       	Black=3      Missed win:     	White=2     	---        Mistake:       	White=7     	Black=4      Inaccurate:     	White=2     	Black=3      OK:         	White=8     	Black=3      Best:        	---       	Black=2      Strong:       	---       	Black=1} 1-0